[ PARTIDA AOE2 · #506349067 ]
UnrankedMongoles vs Mongols
Equipo del jugador · DERR
Equipo rival · VICT
[ ANÁLISIS DE REPETICIÓN · EXTRAÍDO DE LA PARTIDA GRABADA ]
Feudal
10:20
Castillos
22:52
Imperial
—
| APM promedio | 52.1 |
| APM pico | 90 |
| eAPM promedio | 27.8 |
| Aldeanos / militares | 183 / 150 |
Foco
⚔️ 40.3% · 🌾 59.7%
Skirmisher ×47 · Scout Cavalry ×40 · Mangudai ×31 · Steppe Lancer ×14 · Monk ×6 · Militia ×5
Feudal
9:07
Castillos
22:13
Imperial
35:54
| APM promedio | 38.4 |
| APM pico | 123 |
| eAPM promedio | 20.0 |
| Aldeanos / militares | 91 / 64 |
Foco
⚔️ 30.3% · 🌾 69.7%
Mangudai ×21 · Archer ×16 · Trebuchet (Packed) ×5 · Monk ×4 · Mangonel ×4 · Skirmisher ×3
Mapa de la partida
Recursos iniciales + cada clic de construcción. Líneas = muros · curvas = relieve. ◆ oro · ⬟ piedra · ● bayas · ✦ reliquia · ◌ hueco del cierre
Tu base· Abierta — flanco sin cerrar
Base de Flipper the Priest· Abierta — flanco sin cerrar
Terreno inicial suavizado · ◌ = hueco del cierre detectado · pasá el cursor para detalles
Inputs por minuto
— Axolotl-Flöten-Beschwörer - - Flipper the Priest
Build order — Axolotl-Flöten-Beschwörer
Primeras 150 de 525 acciones detectadas
| 0:02 | Encolar | Villager (Male) |
| 0:02 | Construir | House |
| 0:11 | Encolar | Villager (Male) |
| 0:11 | Encolar | Villager (Male) |
| 0:13 | Encolar | Villager (Male) |
| 0:13 | Encolar | Villager (Male) |
| 1:30 | Encolar | Villager (Male) |
| 2:08 | Encolar | Villager (Male) |
| 2:08 | Encolar | Villager (Male) |
| 2:40 | Encolar | Villager (Male) |
| 2:41 | Encolar | Villager (Male) |
| 2:44 | Construir | Lumber Camp |
| 3:10 | Construir | House |
| 3:19 | Encolar | Villager (Male) |
| 3:19 | Encolar | Villager (Male) |
| 4:07 | Encolar | Villager (Male) |
| 4:39 | Encolar | Villager (Male) |
| 4:39 | Encolar | Villager (Male) |
| 4:39 | Encolar | Villager (Male) |
| 5:06 | Construir | Barracks |
| 5:16 | Construir | House |
| 6:27 | Encolar | Villager (Male) |
| 6:29 | Encolar | Militia |
| 6:29 | Encolar | Militia |
| 6:47 | Encolar | Villager (Male) |
| 7:03 | Encolar | Militia |
| 7:19 | Construir | House |
| 7:29 | Encolar | Villager (Male) |
| 7:31 | Construir | Mining Camp |
| 7:34 | Construir | Mining Camp |
| 8:10 | Investigar | Feudal Age |
| 8:24 | Encolar | Militia |
| 8:24 | Encolar | Militia |
| 8:44 | Construir | Mill |
| 9:22 | Encolar | Villager (Male) |
| 9:45 | Investigar | Loom |
| 9:52 | Construir | Farm |
| 10:20 | Edad | Edad Feudal |
| 10:22 | Investigar | Man-at-Arms (upgrade) |
| 10:22 | Investigar | Man-at-Arms (upgrade) |
| 10:22 | Investigar | Man-at-Arms (upgrade) |
| 10:26 | Construir | Archery Range |
| 10:31 | Encolar | Villager (Male) |
| 10:36 | Construir | Palisade Wall |
| 10:39 | Investigar | Double-Bit Axe |
| 10:49 | Construir | Palisade Wall |
| 11:04 | Encolar | Villager (Male) |
| 11:17 | Construir | Palisade Wall |
| 11:29 | Encolar | Archer |
| 11:35 | Construir | Palisade Gate |
| 11:37 | Encolar | Villager (Male) |
| 11:40 | Construir | Farm |
| 11:43 | Construir | House |
| 11:44 | Construir | Palisade Wall |
| 12:25 | Encolar | Villager (Male) |
| 12:29 | Encolar | Villager (Male) |
| 12:34 | Construir | House |
| 12:35 | Encolar | Archer |
| 12:52 | Construir | Blacksmith |
| 12:53 | Encolar | Villager (Male) |
| 12:54 | Construir | Farm |
| 12:55 | Construir | Farm |
| 12:55 | Encolar | Villager (Male) |
| 13:03 | Encolar | Archer |
| 13:10 | Construir | Palisade Wall |
| 13:21 | Encolar | Skirmisher |
| 13:49 | Construir | House |
| 13:57 | Investigar | Fletching |
| 13:57 | Investigar | Fletching |
| 14:01 | Construir | Farm |
| 14:06 | Construir | Farm |
| 14:07 | Construir | Farm |
| 14:09 | Encolar | Skirmisher |
| 14:09 | Encolar | Archer |
| 14:10 | Encolar | Villager (Male) |
| 14:27 | Construir | House |
| 14:29 | Construir | House |
| 14:44 | Encolar | Skirmisher |
| 14:49 | Encolar | Villager (Male) |
| 14:53 | Construir | Farm |
| 14:58 | Construir | Farm |
| 15:04 | Investigar | Padded Archer Armor |
| 15:04 | Investigar | Padded Archer Armor |
| 15:18 | Encolar | Skirmisher |
| 15:31 | Construir | House |
| 15:33 | Construir | Palisade Wall |
| 15:34 | Construir | Palisade Wall |
| 15:41 | Construir | Palisade Wall |
| 15:41 | Encolar | Skirmisher |
| 15:48 | Encolar | Villager (Male) |
| 15:53 | Construir | Farm |
| 15:57 | Encolar | Villager (Male) |
| 15:59 | Construir | Farm |
| 16:15 | Encolar | Skirmisher |
| 16:18 | Construir | Farm |
| 16:37 | Construir | Farm |
| 16:40 | Encolar | Villager (Male) |
| 16:41 | Encolar | Skirmisher |
| 17:01 | Encolar | Skirmisher |
| 17:16 | Encolar | Villager (Male) |
| 17:20 | Construir | Farm |
| 17:21 | Construir | Farm |
| 17:26 | Encolar | Villager (Male) |
| 18:02 | Encolar | Villager (Male) |
| 18:04 | Construir | Farm |
| 18:06 | Encolar | Skirmisher |
| 18:15 | Construir | Lumber Camp |
| 18:26 | Encolar | Skirmisher |
| 19:22 | Encolar | Villager (Male) |
| 19:27 | Construir | Market |
| 19:33 | Construir | Market |
| 19:34 | Encolar | Villager (Male) |
| 19:35 | Construir | Farm |
| 19:37 | Construir | Farm |
| 19:45 | Construir | Farm |
| 19:53 | Construir | Stable |
| 19:59 | Construir | Farm |
| 20:02 | Investigar | Castle Age |
| 20:02 | Investigar | Castle Age |
| 20:03 | Investigar | Castle Age |
| 20:19 | Construir | Stable |
| 20:36 | Construir | Farm |
| 21:24 | Investigar | Scale Barding Armor |
| 21:24 | Investigar | Scale Barding Armor |
| 21:25 | Investigar | Bloodlines |
| 21:55 | Construir | House |
| 22:01 | Construir | House |
| 22:04 | Construir | House |
| 22:08 | Construir | Farm |
| 22:28 | Encolar | Villager (Male) |
| 22:36 | Investigar | Gold Mining |
| 22:38 | Investigar | Horse Collar |
| 22:52 | Edad | Edad de los Castillos |
| 22:59 | Construir | Town Center |
| 23:01 | Encolar | Camel Scout |
| 23:03 | Encolar | Steppe Lancer |
| 23:03 | Encolar | Steppe Lancer |
| 23:04 | Investigar | Bow Saw |
| 23:05 | Encolar | Villager (Male) |
| 23:12 | Encolar | Steppe Lancer |
| 23:30 | Encolar | Villager (Male) |
| 23:32 | Encolar | Steppe Lancer |
| 23:32 | Encolar | Steppe Lancer |
| 23:40 | Construir | Town Center |
| 23:48 | Encolar | Steppe Lancer |
| 23:48 | Encolar | Steppe Lancer |
| 23:57 | Construir | Siege Workshop |
| 24:01 | Construir | Monastery |
| 24:04 | Encolar | Villager (Male) |
| 24:09 | Encolar | Steppe Lancer |
Build order — Flipper the Priest
Primeras 150 de 269 acciones detectadas
| 0:00 | Encolar | Villager (Male) |
| 0:00 | Encolar | Villager (Male) |
| 0:00 | Encolar | Villager (Male) |
| 0:00 | Encolar | Villager (Male) |
| 0:02 | Construir | House |
| 1:35 | Encolar | Villager (Male) |
| 1:54 | Encolar | Villager (Male) |
| 1:57 | Construir | Lumber Camp |
| 2:24 | Encolar | Villager (Male) |
| 2:34 | Construir | House |
| 2:44 | Encolar | Villager (Male) |
| 3:14 | Encolar | Villager (Male) |
| 3:31 | Encolar | Villager (Male) |
| 3:52 | Encolar | Villager (Male) |
| 3:52 | Encolar | Villager (Male) |
| 4:46 | Encolar | Villager (Male) |
| 4:58 | Construir | House |
| 5:15 | Encolar | Villager (Male) |
| 5:51 | Investigar | Loom |
| 6:23 | Construir | Mill |
| 6:57 | Investigar | Feudal Age |
| 7:00 | Construir | Barracks |
| 7:33 | Construir | Palisade Wall |
| 7:45 | Construir | Palisade Wall |
| 7:46 | Construir | Palisade Wall |
| 7:47 | Construir | Palisade Wall |
| 8:10 | Construir | Mining Camp |
| 8:22 | Construir | Palisade Wall |
| 8:25 | Construir | Palisade Wall |
| 8:36 | Encolar | Villager (Male) |
| 9:07 | Edad | Edad Feudal |
| 9:17 | Construir | Archery Range |
| 9:18 | Encolar | Villager (Male) |
| 9:18 | Encolar | Villager (Male) |
| 9:27 | Encolar | Spearman |
| 10:08 | Encolar | Archer |
| 10:08 | Encolar | Archer |
| 10:16 | Encolar | Villager (Male) |
| 10:22 | Construir | Farm |
| 10:30 | Encolar | Villager (Male) |
| 10:39 | Construir | House |
| 10:52 | Construir | House |
| 11:01 | Encolar | Villager (Male) |
| 11:02 | Construir | House |
| 11:06 | Encolar | Archer |
| 11:06 | Encolar | Archer |
| 11:20 | Investigar | Double-Bit Axe |
| 11:29 | Construir | Farm |
| 11:52 | Encolar | Villager (Male) |
| 12:18 | Encolar | Villager (Male) |
| 12:18 | Encolar | Archer |
| 12:19 | Encolar | Archer |
| 12:23 | Construir | House |
| 12:28 | Construir | Watch Tower |
| 12:29 | Encolar | Villager (Male) |
| 12:35 | Construir | Farm |
| 12:44 | Encolar | Villager (Male) |
| 13:00 | Encolar | Archer |
| 13:02 | Construir | Blacksmith |
| 13:03 | Encolar | Villager (Male) |
| 13:15 | Encolar | Villager (Male) |
| 13:31 | Encolar | Archer |
| 13:33 | Construir | Archery Range |
| 13:55 | Investigar | Fletching |
| 13:59 | Encolar | Villager (Male) |
| 14:03 | Construir | Farm |
| 14:04 | Construir | Farm |
| 14:12 | Encolar | Villager (Male) |
| 14:42 | Encolar | Skirmisher |
| 14:42 | Encolar | Skirmisher |
| 14:48 | Construir | Market |
| 14:49 | Encolar | Villager (Male) |
| 14:56 | Encolar | Archer |
| 15:06 | Encolar | Villager (Male) |
| 15:29 | Encolar | Archer |
| 15:31 | Encolar | Villager (Male) |
| 15:42 | Construir | House |
| 15:54 | Construir | House |
| 16:05 | Encolar | Villager (Male) |
| 16:09 | Encolar | Archer |
| 16:09 | Encolar | Archer |
| 16:15 | Construir | Farm |
| 16:15 | Construir | Farm |
| 16:35 | Construir | Farm |
| 16:37 | Encolar | Villager (Male) |
| 16:45 | Construir | Palisade Wall |
| 17:04 | Construir | Farm |
| 17:41 | Encolar | Villager (Male) |
| 18:09 | Encolar | Villager (Male) |
| 18:14 | Construir | Lumber Camp |
| 18:25 | Construir | Farm |
| 19:34 | Investigar | Castle Age |
| 19:49 | Construir | Farm |
| 19:51 | Construir | Stable |
| 20:16 | Construir | Mining Camp |
| 20:17 | Encolar | Skirmisher |
| 20:36 | Encolar | Archer |
| 20:36 | Encolar | Archer |
| 20:54 | Encolar | Archer |
| 20:55 | Encolar | Archer |
| 20:58 | Encolar | Scout Cavalry |
| 21:00 | Construir | House |
| 21:06 | Construir | Farm |
| 21:29 | Investigar | Bloodlines |
| 21:57 | Construir | Farm |
| 22:13 | Edad | Edad de los Castillos |
| 22:15 | Construir | Siege Workshop |
| 22:19 | Encolar | Steppe Lancer |
| 22:19 | Encolar | Steppe Lancer |
| 22:21 | Encolar | Villager (Male) |
| 22:24 | Investigar | Bow Saw |
| 22:29 | Construir | Farm |
| 22:38 | Encolar | Cavalry Archer |
| 22:43 | Encolar | Villager (Male) |
| 23:16 | Encolar | Camel Scout |
| 23:16 | Encolar | Camel Scout |
| 23:18 | Construir | Monastery |
| 23:19 | Encolar | Villager (Male) |
| 23:38 | Encolar | Scorpion |
| 23:43 | Encolar | Villager (Male) |
| 23:53 | Encolar | Villager (Male) |
| 23:57 | Encolar | Camel Scout |
| 24:08 | Encolar | Monk |
| 24:11 | Construir | House |
| 24:14 | Construir | House |
| 24:36 | Encolar | Villager (Male) |
| 24:39 | Construir | House |
| 24:39 | Construir | House |
| 24:49 | Encolar | Villager (Male) |
| 24:55 | Construir | Town Center |
| 25:02 | Construir | Farm |
| 25:20 | Encolar | Monk |
| 25:22 | Encolar | Villager (Male) |
| 25:39 | Encolar | Villager (Male) |
| 25:48 | Encolar | Villager (Male) |
| 26:11 | Construir | Farm |
| 26:13 | Construir | Farm |
| 26:19 | Encolar | Monk |
| 26:36 | Encolar | Villager (Male) |
| 26:54 | Encolar | Villager (Male) |
| 26:57 | Encolar | Villager (Male) |
| 26:59 | Encolar | Villager (Male) |
| 27:17 | Encolar | Villager (Male) |
| 27:54 | Construir | Castle |
| 27:58 | Encolar | Villager (Male) |
| 27:59 | Construir | Farm |
| 28:00 | Construir | Farm |
| 28:05 | Encolar | Villager (Male) |
| 28:11 | Construir | Farm |
| 28:17 | Encolar | Monk |
Cronología de la partida
| 5:06 | Axolotl-Flöten-Beschwörer · first_building Barracks |
| 7:00 | Flipper the Priest · first_building Barracks |
| 7:33 | Flipper the Priest · wall_segment Palisade Wall x1 |
| 7:45 | Flipper the Priest · wall_segment Palisade Wall x1 |
| 7:46 | Flipper the Priest · wall_segment Palisade Wall x1 |
| 7:47 | Flipper the Priest · wall_segment Palisade Wall x1 |
| 8:22 | Flipper the Priest · wall_segment Palisade Wall x1 |
| 8:25 | Flipper the Priest · wall_segment Palisade Wall x1 |
| 9:07 | Flipper the Priest · age_up feudal |
| 9:17 | Flipper the Priest · first_building Archery Range |
| 10:20 | Axolotl-Flöten-Beschwörer · age_up feudal |
| 10:26 | Axolotl-Flöten-Beschwörer · first_building Archery Range |
| 10:36 | Axolotl-Flöten-Beschwörer · wall_segment Palisade Wall x10 |
| 10:49 | Axolotl-Flöten-Beschwörer · wall_segment Palisade Wall x4 |
| 11:17 | Axolotl-Flöten-Beschwörer · wall_segment Palisade Wall x7 |
| 11:44 | Axolotl-Flöten-Beschwörer · wall_segment Palisade Wall x3 |
| 13:10 | Axolotl-Flöten-Beschwörer · wall_segment Palisade Wall x2 |
| 15:33 | Axolotl-Flöten-Beschwörer · wall_segment Palisade Wall x1 |
| 15:34 | Axolotl-Flöten-Beschwörer · wall_segment Palisade Wall x1 |
| 15:41 | Axolotl-Flöten-Beschwörer · wall_segment Palisade Wall x1 |
| 16:45 | Flipper the Priest · wall_segment Palisade Wall x12 |
| 16:56 | Flipper the Priest · first_market_sell 500 wood |
| 16:58 | Flipper the Priest · first_market_buy 100 food |
| 19:51 | Flipper the Priest · first_building Stable |
| 19:53 | Axolotl-Flöten-Beschwörer · first_building Stable |
| 22:13 | Flipper the Priest · age_up castle |
| 22:15 | Flipper the Priest · first_building Siege Workshop |
| 22:52 | Axolotl-Flöten-Beschwörer · age_up castle |
| 23:17 | Axolotl-Flöten-Beschwörer · first_market_buy 100 wood |
| 23:18 | Flipper the Priest · first_building Monastery |
| 23:57 | Axolotl-Flöten-Beschwörer · first_building Siege Workshop |
| 24:01 | Axolotl-Flöten-Beschwörer · first_building Monastery |
| 27:54 | Flipper the Priest · first_building Castle |
| 29:49 | Axolotl-Flöten-Beschwörer · first_market_sell 100 wood |
| 30:04 | Axolotl-Flöten-Beschwörer · first_building Castle |
| 35:54 | Flipper the Priest · age_up imperial |
| 46:54 | Axolotl-Flöten-Beschwörer · resign |
[ ANÁLISIS IA · 1 CRÉDITO ]
¿Qué pasó realmente en esta partida?
Wolo.gg analiza cada decisión: build order, eco, micro, errores típicos por bracket. Análisis personalizado por WhatsApp o Discord en 30 segundos.
Guía civ
Mongoles
Perfil
Jugador #220422